 Dungeon Crawl Stone Soup version 0.31.0-9-g3a7656b989 (webtiles) character file.

Game seed: 9036743257275400783

3714 qw the Skirmisher (level 9, -7/52 HPs)
             Began as a Deep Elf Hunter on Feb 2, 2024.
             Was a Believer of Okawaru.
             Mangled by a hornet (8 damage)
             ... while paralysed by a hornet
             ... on level 8 of the Dungeon.
             The game lasted 00:00:28 (6149 turns).

qw the Skirmisher (Deep Elf Hunter)                 Turns: 6149, Time: 00:00:29

Health: -7/52      AC:  9    Str: 18    XL:     9   Next: 91%
Magic:  12/14      EV:  2    Int: 15    God:    Okawaru [**....]
Gold:   421        SH:  0    Dex: 18    Spells: 8/8 levels left

rFire   . . .        c - +0 orcbow
rCold   + . .        (shield currently unavailable)
rNeg    . . .        n - +1 ring mail {rC+}
rPois   .            (no helmet)
rElec   .            (no cloak)
rCorr   .            l - +1 pair of gloves
SInv    .            (no boots)
Will    .....        h - amulet of the acrobat
Stlth   +++          m - +6 ring of strength
HPRegen 0.28/turn    (no ring)
MPRegen 0.14/turn

%: acrobat
@: paralysed, lethally poisoned (-7 -> -11), heroic, slowed
A: no striking features
a: Renounce Religion, Heroism


You were on level 8 of the Dungeon.
You worshipped Okawaru.
Okawaru was pleased with you.
You visited 2 branches of the dungeon, and saw 9 of its levels.

You collected 421 gold pieces.


   Skills:
 - Level 4.6(9.6) Fighting
 + Level 14.0(19.0) Ranged Weapons
 - Level 1.8(6.8) Armour
 - Level 8.7(13.7) Dodging
 - Level 1.2(6.2) Stealth
 - Level 4.1 Invocations


You had 8 spell levels left.
You didn't know any spells.
Your spell library was empty.

Inventory:

Hand Weapons
 c - a +0 orcbow (weapon)
Armour
 l - a +1 pair of gloves (worn)
 n - a +1 ring mail of cold resistance (worn)
Jewellery
 h - an amulet of the acrobat (around neck)
 m - a +6 ring of strength (left hand)
Potions
 b - a potion of curing
 f - a potion of heal wounds
 g - a potion of magic
 j - a potion of enlightenment
 k - a potion of cancellation

Dungeon Overview and Level Annotations

Branches:
Dungeon (8/15)             Temple (1/1) D:5
   Lair: D:8-11

Altars:
Ashenzari
Cheibriados
Dithmenos
Fedhas
Gozag
Hepliaklqana
Kikubaaqudgha
Makhleb
Nemelex Xobeh
Okawaru
Qazlal
Ru
Sif Muna
Trog
Uskayaw
Vehumet
Wu Jian
Xom
Yredelemnul
Zin
The Shining One


Message History

You hear a shout!
A kobold comes into view. It is wielding a +0 dagger.
You shoot an arrow. The kobold shouts!
The arrow hits the hornet!
The hornet is moderately wounded.
A kobold comes into view. It is wielding a +0 short sword.
You shoot an arrow.
The arrow hits the hornet but does no damage.
The hornet is moderately wounded.
You shoot an arrow.
The arrow hits the hornet but does no damage.
The hornet is moderately wounded.
You shoot an arrow. The arrow hits the hornet!
The hornet is heavily wounded.
The hornet misses you.
You shoot an arrow. The arrow hits the hornet!
The hornet is almost dead.
The hornet stings you.
You feel yourself slow down. The hornet stings you!
You are poisoned.
You feel as though you will be slow longer.
6147 ||| INVOKING Heroism.
You gain the combat prowess of a mighty hero.
You feel very sick. The hornet stings you!
You feel as though you will be slow longer.
A kobold comes into view. It is wielding a +0 short sword.
The kobold brigand hits you but does no damage.
The hornet stings you.
You feel as though you will be slow longer.
You shoot an arrow.
The arrow barely misses the kobold brigand.
The kobold shouts!
You feel sick. The hornet stings you!
You suddenly lose the ability to move!
The kobold hits you but does no damage.
The hornet stings you but does no damage.
You feel sick.
The kobold brigand hits you with a +0 whip.
The kobold hits you but does no damage. The hornet stings you!
You die...

...###.# .#####.# ...###
.../...# ..... .#####.#
#...# .####..######
#K..# .##......)..#
#...# ##.
.##.#..##.#.####...#....
.....>.##.#....KyK..#
.##.....#.....#.# .#
.......## #.#...#.#..##
###.#### #.##.##. ...#
###.# #.......##..##
....# ####.###.....#


You could see a hornet, a kobold brigand and 3 kobolds.

Vanquished Creatures
  A centaur warrior (D:8)
  Pikel (D:7)
  Grinder (D:4)
  Sigmund (D:4)
  A wraith (D:8)
  Eustachio (D:4)
  Menkaure (D:5)
  Edmund (D:4)
  An acid dragon (D:8)
  Duvessa (D:6)
  2 ice beasts (D:6)
  A black bear (D:6)
  2 ogres
  2 phantoms
  2 lemures (D:7)
  A bullfrog (D:7)
  4 scorpions
  Dowan (D:6)
  3 hounds
  2 jellies (D:5)
  A bombardier beetle (D:5)
  2 gnoll boudas
  A sleepcap (D:5)
  2 iguanas
  2 orc wizards (D:7)
  3 adders
  9 gnolls
  4 ufetubi
  3 dart slugs
  19 orcs
  7 ball pythons
  9 bats
  6 endoplasms
  7 giant cockroaches
  15 goblins
  8 hobgoblins
  4 jackals (D:1)
  8 kobolds
  3 quokkas
  3 frilled lizards
  4 rats
150 creatures vanquished.

Notes
Turn   | Place    | Note
-------+----------+-------------------------------------------
     0 | D:1      | qw the Deep Elf Hunter began the quest for the Orb.
     0 | D:1      | Reached XP level 1. HP: 12/12 MP: 3/3
     0 | D:1      | 0 ||| qw: Version: 0.3-a-155-g5e7d8dd
     0 | D:1      | 0 ||| qw: Game counter: 1811
     0 | D:1      | 0 ||| qw: Melee chars always use a shield: true
     0 | D:1      | 0 ||| qw: God list: Okawaru
     0 | D:1      | 0 ||| qw: Allow faded altars: false
     0 | D:1      | 0 ||| qw: Do Orc after clearing Dungeon:15 true
     0 | D:1      | 0 ||| qw: Do second Lair branch before Depths: true
     0 | D:1      | 0 ||| qw: Lair rune preference: random
     0 | D:1      | 0 ||| qw: Goals: Normal
     0 | D:1      | 0 ||| PLANNING D:1-11
    92 | D:1      | HP: 2/12 [quokka (4)]
    96 | D:1      | Reached skill level 6 in Ranged Weapons
    96 | D:1      | Reached XP level 2. HP: 3/16 MP: 4/4
   368 | D:1      | Reached XP level 3. HP: 20/20 MP: 5/5
   651 | D:1      | 651 ||| UPGRADING to +0 ring mail.
   661 | D:1      | 661 ||| DROPPING +0 leather armour.
   662 | D:1      | 662 ||| UPGRADING to amulet of the acrobat.
   667 | D:1      | 667 ||| READING scroll labelled OCOAPU RANG.
   768 | D:1      | 768 ||| READING scroll labelled LORPHE WODE.
   768 | D:1      | 768 ||| ENCHANTING +0 shortbow.
   769 | D:1      | 769 ||| DRINKING 2 inky potions.
   770 | D:1      | 770 ||| DROPPING scroll of butterflies.
   935 | D:2      | Reached skill level 7 in Ranged Weapons
  1276 | D:2      | Identified the +9 dagger "Aresmone" {vamp, MP+9}
  1298 | D:2      | Reached XP level 4. HP: 25/25 MP: 6/6
  1473 | D:2      | 1473 ||| READING scroll labelled TEYNERRI WEOZ.
  1474 | D:2      | 1474 ||| READING scroll labelled QULLIJ QYRAO.
  1475 | D:2      | 1475 ||| READING scroll labelled WOX FU AFOBBIL.
  1476 | D:2      | 1476 ||| READING scroll labelled KAULAEPAPN.
  1477 | D:2      | 1477 ||| DRINKING 2 fuming grey potions.
  1478 | D:2      | 1478 ||| DRINKING 2 fuming orange potions.
  1479 | D:2      | 1479 ||| DROPPING potion of attraction.
  1726 | D:3      | Found an ornate altar of the Wu Jian Council.
  1937 | D:3      | 1937 ||| READING scroll labelled LUASEO ULUGE.
  1942 | D:3      | 1942 ||| READING scroll labelled OKHLUIR VEAFIH.
  1942 | D:3      | 1942 ||| BRANDING +1 shortbow.
  1943 | D:3      | 1943 ||| DRINKING 2 orange potions.
  2169 | D:4      | Found a broken altar of Ashenzari.
  2182 | D:4      | Noticed a scorpion
  2185 | D:4      | Killed a scorpion
  2186 | D:4      | Reached skill level 8 in Ranged Weapons
  2186 | D:4      | Reached XP level 5. HP: 29/29 MP: 7/7
  2227 | D:4      | Noticed Edmund
  2233 | D:4      | Killed Edmund
  2234 | D:4      | Reached skill level 9 in Ranged Weapons
  2234 | D:4      | Reached XP level 6. HP: 11/34 MP: 8/8
  2362 | D:4      | Noticed Sigmund
  2368 | D:4      | Killed Sigmund
  2369 | D:4      | Reached skill level 3 in Fighting
  2566 | D:4      | Noticed Grinder
  2569 | D:4      | Paralysed by Grinder for 2 turns
  2574 | D:4      | Killed Grinder
  2575 | D:4      | Reached skill level 10 in Ranged Weapons
  2575 | D:4      | Reached XP level 7. HP: 41/41 MP: 9/9
  2662 | D:4      | Reached skill level 3 in Dodging
  2713 | D:4      | 2713 ||| READING 2 scrolls labelled AGER VOOGOENN.
  2714 | D:4      | 2714 ||| READING scroll labelled RECSUI JEMIZU.
  2715 | D:4      | 2715 ||| READING scroll labelled TOAS UXEMOLAI.
  2716 | D:4      | 2716 ||| READING scroll labelled SOGYURGH WEJI.
  2716 | D:4      | 2716 ||| IDENTIFYING murky brown potion
  2717 | D:4      | 2717 ||| DROPPING potion of lignification.
  2718 | D:4      | 2718 ||| DROPPING scroll of poison.
  2720 | D:4      | 2720 ||| Stepping ~*~*~tactically~*~*~ (cloud).
  2833 | D:5      | Entered Level 5 of the Dungeon
  2833 | D:5      | Noticed Eustachio
  2835 | D:5      | 2835 ||| STAIRDANCE
  2840 | D:4      | 2840 ||| RETREEEEATING.
  2841 | D:4      | 2841 ||| RETREEEEATING.
  2856 | D:4      | 2856 ||| FLEEEEING.
  2857 | D:4      | 2857 ||| FLEEEEING.
  2858 | D:4      | 2858 ||| FLEEEEING.
  2859 | D:4      | 2859 ||| FLEEEEING.
  2862 | D:4      | 2862 ||| FLEEEEING.
  2866 | D:4      | 2866 ||| RETREEEEATING.
  2867 | D:4      | 2867 ||| RETREEEEATING.
  2869 | D:4      | 2869 ||| FLEEEEING.
  2884 | D:4      | Killed Eustachio
  2885 | D:4      | Reached skill level 11 in Ranged Weapons
  3046 | D:5      | Reached skill level 12 in Ranged Weapons
  3046 | D:5      | Reached XP level 8. HP: 46/46 MP: 10/10
  3066 | D:5      | Found a stormy altar of Qazlal.
  3069 | D:5      | Noticed an air elemental
  3069 | D:5      | Noticed Menkaure
  3074 | D:5      | Killed Menkaure
  3075 | D:5      | Reached skill level 1 in Armour
  3092 | D:5      | Found a staircase to the Ecumenical Temple.
  3093 | D:5      | 3093 ||| PLANNING TEMPLE
  3093 | D:5      | 3093 ||| UPGRADING to +0 pair of gloves.
  3098 | D:5      | 3098 ||| READING scroll of identify.
  3098 | D:5      | 3098 ||| IDENTIFYING scroll labelled JUCHISMIEMO
  3099 | D:5      | 3099 ||| DROPPING scroll of noise.
  3108 | Temple   | Entered the Ecumenical Temple
  3109 | Temple   | 3109 ||| PLANNING OKAWARU WORSHIP
  3121 | Temple   | Became a worshipper of Warmaster Okawaru
  3122 | Temple   | 3122 ||| PLANNING D:1-11
  3712 | D:5      | 3712 ||| UPGRADING to +1 pair of gloves.
  3722 | D:5      | 3722 ||| DROPPING +0 pair of gloves.
  3723 | D:5      | 3723 ||| DRINKING 2 green potions.
  3738 | D:6      | 3738 ||| STAIRDANCE
  3958 | D:6      | Reached skill level 13 in Ranged Weapons
  4010 | D:6      | Noticed Duvessa
  4011 | D:6      | Noticed Dowan
  4013 | D:6      | 4013 ||| FLEEEEING.
  4016 | D:6      | Killed Duvessa
  4017 | D:6      | 4017 ||| ZAPPING wand of mindburst (5) at -4,0 (Dowan;
                  | floor).
  4018 | D:6      | 4018 ||| ZAPPING wand of mindburst (4) at -4,1 (Dowan;
                  | floor).
  4019 | D:6      | 4019 ||| ZAPPING wand of mindburst (3) at -3,0 (Dowan;
                  | floor).
  4020 | D:6      | 4020 ||| ZAPPING wand of mindburst (2) at -1,0 (Dowan;
                  | floor).
  4021 | D:6      | 4021 ||| ZAPPING wand of mindburst (1) at -1,0 (Dowan;
                  | floor).
  4021 | D:6      | Killed Dowan
  4022 | D:6      | Reached skill level 14 in Ranged Weapons
  4158 | D:6      | Reached * piety under Okawaru
  4315 | D:6      | Reached skill level 1 in Invocations
  4315 | D:6      | Reached XP level 9. HP: 47/50 MP: 11/11
  4535 | D:6      | 4535 ||| READING 2 scrolls of identify.
  4535 | D:6      | 4535 ||| IDENTIFYING amethyst potion
  4536 | D:6      | 4536 ||| DROPPING wand of flame (19).
  4609 | D:7      | 4609 ||| RETREEEEATING.
  4925 | D:7      | Noticed Pikel
  4926 | D:7      | 4926 ||| RETREEEEATING.
  4928 | D:7      | 4928 ||| RETREEEEATING.
  4929 | D:7      | 4929 ||| INVOKING Heroism.
  4930 | D:7      | 4930 ||| RETREEEEATING.
  4933 | D:7      | Killed Pikel
  4962 | D:7      | 4962 ||| READING scroll of enchant weapon.
  4962 | D:7      | 4962 ||| ENCHANTING +1 heavy shortbow.
  5733 | D:7      | 5733 ||| UPGRADING to +1 ring mail of cold resistance.
  5743 | D:7      | 5743 ||| DROPPING +0 ring mail.
  5744 | D:7      | 5744 ||| UPGRADING to +6 ring of strength.
  5745 | D:7      | 5745 ||| READING scroll of identify.
  5745 | D:7      | 5745 ||| IDENTIFYING silvery potion
  5746 | D:7      | 5746 ||| DROPPING potion of brilliance.
  5826 | D:8      | Reached skill level 6 in Dodging
  5827 | D:8      | Noticed a centaur warrior
  5828 | D:8      | 5828 ||| INVOKING Heroism.
  5839 | D:8      | Killed a centaur warrior
  5839 | D:8      | Reached ** piety under Okawaru
  5978 | D:8      | HP: 2/52 [acid dragon/splash of acid (26)]
  5979 | D:8      | 5979 ||| READING scroll of teleportation.
  5980 | D:8      | 5980 ||| DRINKING 2 potions of heal wounds.
  6128 | D:8      | 6128 ||| SWAPPING to +0 orcbow.
  6129 | D:8      | 6129 ||| DROPPING +2 heavy shortbow.
  6147 | D:8      | 6147 ||| INVOKING Heroism.
  6148 | D:8      | HP: 4/52 [hornet (14)]
  6148 | D:8      | Paralysed by a hornet for 2 turns
  6149 | D:8      | HP: 1/52 [kobold brigand/+0 whip (2)]
  6149 | D:8      | Mangled by a hornet

Levels and vault maps discovered:
D:1:      sevenhm_arrival_forest_fort_small_5, layout_basic
D:2:      layout_basic
D:3:      layout_rooms, mainiacjoe_overflow_paths, supply_closet_lemuel
D:4:      layout_loops_ring, evilmike_ruin_ashenzari, uniq_edmund, uniq_grinder,
          uniq_sigmund
D:5:      layout_basic, nicolae_qazlal_style_of_elements,
          minmay_temple_entry_purple_smoke, uniq_menkaure, uniq_eustachio
D:6:      layout_loops_ring, minmay_ogre_servants, uniq_duvessa
D:7:      layout_layer_cave, hangedman_abyss_or_decor_stagger,
          grunt_ministairs_14, uniq_pikel
D:8:      minmay_diamond_stairs, layout_loops_cross
Temple:   mainiacjoe_temple_coin_purse

Skill      XL: |  1  2  3  4  5  6  7  8  9 |
---------------+----------------------------+-----
Ranged Weapons | 6 7 8 9 10 12 14 | 14.0
Fighting       | 3 4 |  4.6
Dodging        | 3 5 8 |  8.7
Armour         | 1 |  1.8
Invocations    | 1 4 |  4.1
Stealth        | |  1.2

Action                     |  1- 3 |  4- 6 |  7- 9 || total
---------------------------+-------+-------+-------++-------
   Fire: Shortbow          |   116 |    82 |   224 ||   422
         Orcbow            |       |       |     9 ||     9
 Invoke: Heroism           |       |       |     3 ||     3
  Evoke: Wand              |       |       |     5 ||     5
    Use: Scroll            |     2 |     6 |     9 ||    17
         Potion            |     1 |     3 |     2 ||     6
 Armour: Leather armour    |    18 |       |       ||    18
         Ring mail         |     8 |    15 |    98 ||   121
  Dodge: Dodged            |    32 |    26 |    82 ||   140

Table legend:
 A = Non-vault XP
 B = Vault XP
 C = Vault XP percentage of total XP
 D = Non-vault monster count
 E = Vault monster count
 F = Vault count percentage of total count
                 A         B        C        D         E       F
            +---------+---------+-------+---------+---------+-------
      Total |    1858 |    3449 |  65.0 |     122 |      26 |  17.6
            +---------+---------+-------+---------+---------+-------
        D:1 |      52 |       0 |   0.0 |      28 |       0 |   0.0
        D:2 |      46 |       0 |   0.0 |      21 |       0 |   0.0
        D:3 |      28 |       0 |   0.0 |       9 |       0 |   0.0
        D:4 |     276 |     882 |  76.2 |      18 |       4 |  18.2
        D:5 |     566 |     172 |  23.3 |      19 |       1 |   5.0
        D:6 |     609 |     347 |  36.3 |      15 |      11 |  42.3
        D:7 |     281 |     824 |  74.6 |      12 |       7 |  36.8
        D:8 |       0 |    1224 | 100.0 |       0 |       3 | 100.0
            +---------+---------+-------+---------+---------+-------
